[Event "Niedersachsen-ch B 2024"]
[Site "Verden Aller"]
[Date "2024.01.04"]
[Round "1.1"]
[White "Pfuhl, Lars"]
[Black "Schoettker, Jochen"]
[Result "0-1"]
[ECO "A21"]
[WhiteElo "1530"]
[BlackElo "1875"]
[Annotator "NA RC"]
[PlyCount "46"]
[EventDate "2024.01.01"]
[EventType "swiss"]
[EventCountry "GER"]
[SourceTitle "playchess.com"]
[Source "ChessBase"]
[SourceQuality "1"]
[TimeControl "40/5400+30:1800+30"]

1. c4 f5 2. g3 Nf6 3. Bg2 d6 4. Nc3 e5 5. d3 c6 6. f4 g6 7. fxe5 dxe5 8. Nf3 Nbd7 9. Bg5 h6 10. Bxf6 Qxf6 11. a3 Bg7 12. Rb1 a5 13. O-O O-O 14. Nd2 Qd6 15. Kh1 Nf6 16. Qc2 Be6 17. b4 axb4 18. Rxb4 Ng4 19. Rf3 Qd4 20. h3 Ne3 21. Rxe3 Qxe3 22. Nf1 Qa7 23. Na4 c5 0-1

[Event "Niedersachsen-ch B 2024"]
[Site "Verden Aller"]
[Date "2024.01.04"]
[Round "1.2"]
[White "Kraeuter, Paavo Alexander"]
[Black "Pfeifer, Frank"]
[Result "0-1"]
[ECO "A59"]
[WhiteElo "1832"]
[BlackElo "1529"]
[Annotator "NA RC"]
[PlyCount "60"]
[EventDate "2024.01.01"]
[EventType "swiss"]
[EventCountry "GER"]
[SourceTitle "playchess.com"]
[Source "ChessBase"]
[SourceQuality "1"]
[TimeControl "40/5400+30:1800+30"]

1. d4 Nf6 2. c4 c5 3. d5 b5 4. cxb5 a6 5. bxa6 Bxa6 6. Nc3 d6 7. e4 Bxf1 8. Kxf1 Nbd7 9. Nf3 g6 10. g3 Bg7 11. Kg2 O-O 12. a4 Qa5 13. Bd2 Qb6 14. Qc2 Ng4 15. Bg5 Rfe8 16. h3 Nge5 17. Nd2 h6 18. Be3 g5 19. f4 gxf4 20. gxf4 Ng6 21. h4 Bd4 22. h5 Bxe3 23. hxg6 Bxf4 24. gxf7+ Kxf7 25. Rhf1 Rg8+ 26. Kh3 Rg3+ 27. Kh4 Rag8 28. Rxf4+ Ke8 29. Qb3 Qd8 30. Kh5 e5 0-1

[Event "Niedersachsen-ch B 2024"]
[Site "Verden Aller"]
[Date "2024.01.04"]
[Round "1.3"]
[White "Bangert, Jonas"]
[Black "Woellermann, Ludger"]
[Result "1/2-1/2"]
[ECO "E63"]
[WhiteElo "1527"]
[BlackElo "1829"]
[Annotator "NA RC"]
[PlyCount "57"]
[EventDate "2024.01.01"]
[EventType "swiss"]
[EventCountry "GER"]
[SourceTitle "playchess.com"]
[Source "ChessBase"]
[SourceQuality "1"]
[TimeControl "40/5400+30:1800+30"]

1. d4 Nf6 2. Nf3 g6 3. g3 Bg7 4. Bg2 d6 5. O-O O-O 6. c4 Nc6 7. Nc3 a6 8. h3 Rb8 9. a4 Na5 10. Qd3 Nb3 11. Rb1 Nxc1 12. Rfxc1 Bh6 13. Re1 c6 14. g4 Bg7 15. b4 h5 16. gxh5 Nxh5 17. e3 Bf5 18. e4 Nf4 19. Qd2 Nxg2 20. Kxg2 Be6 21. c5 dxc5 22. bxc5 Qd7 23. Rh1 Rfd8 24. Rbd1 Bb3 25. Rb1 Bc4 26. Rb4 Be6 27. a5 Qc7 28. Ra4 Bb3 29. Rb4 1/2-1/2

[Event "Niedersachsen-ch B 2024"]
[Site "Verden Aller"]
[Date "2024.01.04"]
[Round "1.4"]
[White "Rossberg, Jonathan"]
[Black "Bartel, Reinhard"]
[Result "1-0"]
[ECO "C24"]
[WhiteElo "1818"]
[BlackElo "1525"]
[Annotator "NA RC"]
[PlyCount "39"]
[EventDate "2024.01.01"]
[EventType "swiss"]
[EventCountry "GER"]
[SourceTitle "playchess.com"]
[Source "ChessBase"]
[SourceQuality "1"]
[TimeControl "40/5400+30:1800+30"]

1. e4 e5 2. Bc4 Nf6 3. d4 Nxe4 4. dxe5 d5 5. Bxd5 Bf5 6. Bxf7+ Ke7 7. Qxd8+ Kxd8 8. Nf3 Bc5 9. O-O Nxf2 10. Bg5+ Kd7 11. Rxf2 Rf8 12. Bb3 h6 13. Bh4 g5 14. Bg3 Nc6 15. Nc3 Rae8 16. Kh1 Bxf2 17. Bxf2 Nxe5 18. Nxe5+ Rxe5 19. Rd1+ Kc8 20. Bd4 1-0

[Event "Niedersachsen-ch B 2024"]
[Site "Verden Aller"]
[Date "2024.01.04"]
[Round "1.5"]
[White "Grunwald, Hannes Leon"]
[Black "Krneta, Slavko"]
[Result "0-1"]
[ECO "C01"]
[WhiteElo "1517"]
[BlackElo "1767"]
[Annotator "NA RC"]
[PlyCount "102"]
[EventDate "2024.01.01"]
[EventType "swiss"]
[EventCountry "GER"]
[SourceTitle "playchess.com"]
[Source "ChessBase"]
[SourceQuality "1"]
[TimeControl "40/5400+30:1800+30"]

1. e4 e6 2. d4 d5 3. exd5 exd5 4. Nf3 Bf5 5. Bf4 Be7 6. Bd3 Bg6 7. O-O Nf6 8. Re1 O-O 9. Nc3 c6 10. Qd2 Bb4 11. Bg5 Nbd7 12. a3 Bd6 13. Ne5 Qc7 14. f4 Bxd3 15. Nxd3 Rfe8 16. Rxe8+ Rxe8 17. Nf2 h6 18. Bxf6 Nxf6 19. g3 Ne4 20. Nfxe4 dxe4 21. Re1 f5 22. d5 Bc5+ 23. Kg2 Rd8 24. b4 Be7 25. Rd1 Qd6 26. Qe3 c5 27. bxc5 Qxc5 28. Qxc5 Bxc5 29. a4 a6 30. Ne2 b5 31. axb5 axb5 32. Nc3 b4 33. Na4 Bf8 34. Nb6 Rb8 35. Nd7 Rc8 36. Rd2 Bd6 37. Nb6 Rc3 38. Na4 Rc7 39. Kf1 Kf7 40. Ke2 g5 41. fxg5 hxg5 42. Kd1 Kf6 43. Nb2 Ke5 44. Na4 f4 45. gxf4+ gxf4 46. Ke2 Ra7 47. Nb2 f3+ 48. Kf1 Kf4 49. Nd1 Bc5 50. d6 Rd7 51. Nf2 Bxf2 0-1

[Event "Niedersachsen-ch B 2024"]
[Site "Verden Aller"]
[Date "2024.01.04"]
[Round "1.6"]
[White "Schlaetker, Christine"]
[Black "Oblender, Rudi"]
[Result "1-0"]
[ECO "C62"]
[WhiteElo "1745"]
[BlackElo "1511"]
[Annotator "NA RC"]
[PlyCount "55"]
[EventDate "2024.01.01"]
[EventType "swiss"]
[EventCountry "GER"]
[SourceTitle "playchess.com"]
[Source "ChessBase"]
[SourceQuality "1"]
[TimeControl "40/5400+30:1800+30"]

1. e4 e5 2. Nf3 Nc6 3. Bb5 Nf6 4. d3 d6 5. h3 g6 6. O-O Bg7 7. c3 O-O 8. Re1 Re8 9. Nbd2 Bd7 10. b4 Ne7 11. Bc4 Be6 12. Qb3 Qd7 13. Ng5 Bxc4 14. Nxc4 b5 15. Nxe5 dxe5 16. Qxf7+ Kh8 17. Ne6 Rg8 18. Nxg7 Rxg7 19. Qxf6 Kg8 20. Bh6 Rf7 21. Qxe5 Qxd3 22. Rad1 Qc4 23. Rd2 Rc8 24. Red1 Nc6 25. Rd8+ Rxd8 26. Rxd8+ Nxd8 27. Qe8+ Rf8 28. Qxf8# 1-0

[Event "Niedersachsen-ch B 2024"]
[Site "Verden Aller"]
[Date "2024.01.04"]
[Round "1.7"]
[White "Tenninger, Joerg"]
[Black "Walther, Jonas"]
[Result "0-1"]
[ECO "D60"]
[WhiteElo "1508"]
[BlackElo "1744"]
[Annotator "NA RC"]
[PlyCount "52"]
[EventDate "2024.01.01"]
[EventType "swiss"]
[EventCountry "GER"]
[SourceTitle "playchess.com"]
[Source "ChessBase"]
[SourceQuality "1"]
[TimeControl "40/5400+30:1800+30"]

1. d4 Nf6 2. c4 e6 3. Nc3 d5 4. Bg5 c6 5. e3 Be7 6. Nf3 O-O 7. Bd3 Nbd7 8. O-O Qc7 9. Qc2 Re8 10. Bf4 Bd6 11. Bxd6 Qxd6 12. Rac1 h6 13. a3 Qe7 14. c5 e5 15. dxe5 Nxe5 16. Nxe5 Qxe5 17. Rfe1 Ng4 18. g3 Qh5 19. h4 Ne5 20. Be2 Bg4 21. Rf1 Re6 22. Rcd1 Rg6 23. Kh2 Bxe2 24. Qxe2 Nf3+ 25. Kh1 Qf5 26. Kg2 Nxh4+ 0-1

[Event "Niedersachsen-ch B 2024"]
[Site "Verden Aller"]
[Date "2024.01.04"]
[Round "1.8"]
[White "Kewe, Stefan"]
[Black "Golke, Philipp"]
[Result "1/2-1/2"]
[ECO "E08"]
[WhiteElo "1737"]
[BlackElo "1490"]
[Annotator "NA RC"]
[PlyCount "136"]
[EventDate "2024.01.01"]
[EventType "swiss"]
[EventCountry "GER"]
[SourceTitle "playchess.com"]
[Source "ChessBase"]
[SourceQuality "1"]
[TimeControl "40/5400+30:1800+30"]

1. d4 d5 2. Nf3 e6 3. c4 Nf6 4. g3 c6 5. Bg2 Be7 6. O-O O-O 7. Nc3 Nbd7 8. b3 b6 9. Qc2 Bb7 10. Bg5 h6 11. Bf4 Rc8 12. Ne5 Nxe5 13. dxe5 Nd7 14. cxd5 cxd5 15. Qb2 a6 16. Rac1 Bc5 17. Na4 Qe7 18. Nxc5 bxc5 19. Bd2 Nb8 20. f4 Nc6 21. Be3 d4 22. Bf2 Nb4 23. Bxb7 Qxb7 24. Rc4 Rfd8 25. Rfc1 d3 26. Bxc5 dxe2 27. Qxe2 Nd3 28. R1c3 Nxc5 29. Rxc5 Qb6 30. Qf2 Rxc5 31. Rxc5 Qb7 32. Rc1 Qb4 33. Re1 Qd2 34. Qxd2 Rxd2 35. a4 Rb2 36. Re3 g5 37. Rd3 g4 38. Rd6 Rb1+ 39. Kf2 Rb2+ 40. Ke1 Rxb3 41. Rxa6 Rb2 42. f5 exf5 43. Rxh6 Kg7 44. Rf6 Ra2 45. Rxf5 Rxa4 46. Rf4 Ra1+ 47. Kf2 Ra2+ 48. Ke3 Rxh2 49. Rxg4+ Kf8 50. Kf4 Ra2 51. Kf5 Ra6 52. Rb4 Kg7 53. Rd4 Ra3 54. g4 Ra1 55. Rd7 Rf1+ 56. Kg5 Re1 57. Rd5 Re2 58. Kf5 Rf2+ 59. Ke4 Rg2 60. Kf3 Rg1 61. Rd4 Re1 62. Re4 Ra1 63. Kf4 Rf1+ 64. Kg5 Ra1 65. Rf4 Re1 66. Kf5 Re2 67. g5 Rg2 68. Rf3 Rg1 1/2-1/2

[Event "Niedersachsen-ch B 2024"]
[Site "Verden Aller"]
[Date "2024.01.04"]
[Round "1.9"]
[White "ter Stal, Esther"]
[Black "Schumacher, Klaus"]
[Result "1-0"]
[ECO "D06"]
[WhiteElo "1486"]
[BlackElo "1724"]
[Annotator "NA RC"]
[PlyCount "65"]
[EventDate "2024.01.01"]
[EventType "swiss"]
[EventCountry "GER"]
[SourceTitle "playchess.com"]
[Source "ChessBase"]
[SourceQuality "1"]
[TimeControl "40/5400+30:1800+30"]

1. d4 d5 2. Nf3 Bf5 3. e3 e6 4. c4 Bb4+ 5. Bd2 Bxd2+ 6. Qxd2 Nf6 7. Qb4 b6 8. Nc3 Nbd7 9. cxd5 exd5 10. Bb5 Qe7 11. Qxe7+ Kxe7 12. Bc6 Rad8 13. Nxd5+ Nxd5 14. Bxd5 Nc5 15. Bc4 Nd3+ 16. Bxd3 Bxd3 17. Ne5 Be4 18. f3 Bb7 19. Rc1 Rc8 20. Nc6+ Bxc6 21. Rxc6 Kd7 22. d5 Rhe8 23. Kf2 Re5 24. e4 f5 25. Ke3 fxe4 26. Kd4 Rce8 27. Rhc1 e3 28. Rxc7+ Kd8 29. Rxa7 e2 30. Re1 Rh5 31. Ra8+ Kd7 32. Rxe8 Kxe8 33. Rxe2+ 1-0

[Event "Niedersachsen-ch B 2024"]
[Site "Verden Aller"]
[Date "2024.01.04"]
[Round "1.10"]
[White "Balazs, Kata"]
[Black "Freise, Linus"]
[Result "1-0"]
[ECO "D00"]
[WhiteElo "1723"]
[BlackElo "1480"]
[Annotator "NA RC"]
[PlyCount "87"]
[EventDate "2024.01.01"]
[EventType "swiss"]
[EventCountry "GER"]
[SourceTitle "playchess.com"]
[Source "ChessBase"]
[SourceQuality "1"]
[TimeControl "40/5400+30:1800+30"]

1. d4 d5 2. Nc3 Nf6 3. Bf4 a6 4. Qd3 e6 5. a3 Bd6 6. Bg5 Nbd7 7. Nf3 c5 8. e4 dxe4 9. Nxe4 Be7 10. Bxf6 Nxf6 11. Nxc5 b6 12. Ne4 Bb7 13. Ned2 Rc8 14. c4 Qc7 15. Be2 Bd6 16. O-O g5 17. h3 g4 18. hxg4 Nxg4 19. Ne4 Bf4 20. d5 f5 21. Nc3 Rg8 22. Rad1 Rd8 23. Nd4 Bh2+ 24. Kh1 Bg1 25. f4 Bxd4 26. Qxd4 Qe7 27. Bxg4 Rxg4 28. Qh8+ Kf7 29. dxe6+ Qxe6 30. Qxh7+ Rg7 31. Qh5+ Rg6 32. Rxd8 Bxg2+ 33. Kh2 Bxf1 34. Qh7+ Rg7 35. Qh8 Qe7 36. Qh5+ Rg6 37. Rh8 Qf6 38. Rh7+ Ke6 39. Rh8 Qg7 40. Re8+ Kf7 41. Rc8 Qf6 42. Qh7+ Rg7 43. Rc7+ Ke6 44. Rxg7 1-0

[Event "Niedersachsen-ch B 2024"]
[Site "Verden Aller"]
[Date "2024.01.04"]
[Round "1.11"]
[White "Margaryan, Venera"]
[Black "Spieker, Hans-Joachim"]
[Result "0-1"]
[ECO "D70"]
[WhiteElo "1473"]
[BlackElo "1719"]
[Annotator "NA"]
[PlyCount "62"]
[EventDate "2024.01.01"]
[EventType "swiss"]
[EventCountry "GER"]
[SourceTitle "playchess.com"]
[Source "ChessBase"]
[SourceQuality "1"]
[TimeControl "40/5400+30:1800+30"]

1. d4 Nf6 2. Nf3 d5 3. c4 g6 4. cxd5 Nxd5 5. e4 Nb6 6. Nc3 Bg7 7. Be3 O-O 8. Be2 Nc6 9. Qd2 Bg4 10. d5 Bxf3 11. Bxf3 Ne5 12. Qe2 Nxf3+ 13. Qxf3 Nc4 14. Bc1 Qd6 15. Qe2 Qb4 16. Qc2 f5 17. exf5 Rxf5 18. a3 Re5+ 19. Kf1 Qc5 20. Qd3 Rf8 21. f3 Ne3+ 22. Bxe3 Rxe3 23. Na4 Rxd3 24. Nxc5 Rxd5 25. Ne6 Bxb2 26. Nxc7 Rd7 27. Re1 Rxc7 28. Kf2 Rc2+ 29. Kg3 Bxa3 30. Re4 Bd6+ 31. Kh4 Rxg2 0-1

[Event "Niedersachsen-ch B 2024"]
[Site "Verden Aller"]
[Date "2024.01.04"]
[Round "1.12"]
[White "Rademacher, Bengt"]
[Black "Nechitaylo, Lev"]
[Result "1-0"]
[ECO "B51"]
[WhiteElo "1702"]
[BlackElo "1456"]
[Annotator "NA RC"]
[PlyCount "43"]
[EventDate "2024.01.01"]
[EventType "swiss"]
[EventCountry "GER"]
[SourceTitle "playchess.com"]
[Source "ChessBase"]
[SourceQuality "1"]
[TimeControl "40/5400+30:1800+30"]

1. e4 c5 2. Nf3 Nc6 3. Bb5 d6 4. O-O Bd7 5. Re1 e5 6. c3 Nf6 7. d4 Qb6 8. dxe5 Nxe5 9. Bxd7+ Nexd7 10. Nbd2 Be7 11. Nc4 Qc7 12. Bf4 O-O-O 13. Bxd6 Bxd6 14. Nxd6+ Kb8 15. Nxf7 Ne5 16. Nxd8 Rxd8 17. Qe2 Ng6 18. Rad1 Re8 19. Qd3 Ka8 20. e5 Ng4 21. Qd6 Qa5 22. Qd7 1-0

[Event "Niedersachsen-ch B 2024"]
[Site "Verden Aller"]
[Date "2024.01.04"]
[Round "1.13"]
[White "Laun, Kurt"]
[Black "Nordhorn, Horst"]
[Result "1-0"]
[ECO "A21"]
[WhiteElo "1448"]
[BlackElo "1696"]
[Annotator "NA RC"]
[PlyCount "97"]
[EventDate "2024.01.01"]
[EventType "swiss"]
[EventCountry "GER"]
[SourceTitle "playchess.com"]
[Source "ChessBase"]
[SourceQuality "1"]
[TimeControl "40/5400+30:1800+30"]

1. c4 e5 2. Nc3 d6 3. Nf3 c6 4. d4 exd4 5. Nxd4 Nf6 6. Bg5 Be7 7. e4 Bg4 8. Be2 Bxe2 9. Qxe2 Nbd7 10. O-O h6 11. Be3 O-O 12. Nf5 Re8 13. Rad1 Bf8 14. Nxd6 Bxd6 15. Rxd6 Nxe4 16. Nxe4 Rxe4 17. Rfd1 Qe7 18. Rxd7 Qe5 19. Rd8+ Rxd8 20. Rxd8+ Kh7 21. Qd3 f5 22. g3 Qxb2 23. f3 Re5 24. g4 Qa1+ 25. Kg2 Qxa2+ 26. Kg3 Qa5 27. Rf8 Qe1+ 28. Bf2 Qb4 29. Rxf5 Rxf5 30. Qxf5+ Kg8 31. Qe6+ Kh7 32. Bxa7 Qa5 33. Qf5+ Qxf5 34. gxf5 b5 35. cxb5 cxb5 36. Bc5 Kg8 37. Kf4 Kf7 38. h4 g6 39. Bd4 b4 40. f6 Ke6 41. Bb2 b3 42. Bc3 Kd6 43. Ke4 Ke6 44. Be5 g5 45. hxg5 hxg5 46. Bc3 Kf7 47. Kf5 Kf8 48. Kxg5 Kf7 49. Bb2 1-0

[Event "Niedersachsen-ch B 2024"]
[Site "Verden Aller"]
[Date "2024.01.04"]
[Round "1.14"]
[White "Leppert, Hans-Juergen"]
[Black "Sauer, Ben"]
[Result "1-0"]
[ECO "E94"]
[WhiteElo "1683"]
[BlackElo "1427"]
[Annotator "NA RC"]
[PlyCount "57"]
[EventDate "2024.01.01"]
[EventType "swiss"]
[EventCountry "GER"]
[SourceTitle "playchess.com"]
[Source "ChessBase"]
[SourceQuality "1"]
[TimeControl "40/5400+30:1800+30"]

1. c4 Nf6 2. Nc3 g6 3. e4 e5 4. Nf3 d6 5. d4 exd4 6. Nxd4 Bg7 7. Be2 O-O 8. O-O Re8 9. f3 Nfd7 10. Be3 Ne5 11. Qd2 Nbc6 12. Rad1 Nxd4 13. Bxd4 Nc6 14. Bxg7 Kxg7 15. Nd5 f5 16. Bd3 Rf8 17. Qc3+ Kg8 18. f4 Be6 19. exf5 Bxf5 20. Bxf5 Rxf5 21. Rde1 Rf7 22. Re6 Ne7 23. Nf6+ Kf8 24. Rfe1 c6 25. Ne4 d5 26. Rd6 Qb8 27. Qh8+ Ng8 28. Nf6 Rg7 29. Rd7 1-0

[Event "Niedersachsen-ch B 2024"]
[Site "Verden Aller"]
[Date "2024.01.04"]
[Round "1.15"]
[White "Berkenkamp, Matthis"]
[Black "Warns, Harald"]
[Result "1-0"]
[ECO "E21"]
[WhiteElo "1425"]
[BlackElo "1683"]
[Annotator "NA RC"]
[PlyCount "73"]
[EventDate "2024.01.01"]
[EventType "swiss"]
[EventCountry "GER"]
[SourceTitle "playchess.com"]
[Source "ChessBase"]
[SourceQuality "1"]
[TimeControl "40/5400+30:1800+30"]

1. Nf3 Nf6 2. c4 e6 3. d4 Bb4+ 4. Nc3 Ne4 5. Qb3 Nc6 6. g3 Qf6 7. Be3 a5 8. a3 Bxc3+ 9. bxc3 O-O 10. Bg2 h6 11. O-O Ne7 12. Qc2 Nd6 13. Ne5 Ndf5 14. Qd2 d6 15. Nd3 Ng6 16. c5 d5 17. Nf4 Nxe3 18. fxe3 Nxf4 19. exf4 Bd7 20. Rab1 Rfb8 21. Qd3 b5 22. cxb6 Rxb6 23. Rxb6 cxb6 24. c4 dxc4 25. Qxc4 Rc8 26. Qd3 Qd8 27. Bb7 Rc7 28. Qa6 Qb8 29. Be4 Ra7 30. Qc4 b5 31. Rb1 Qd6 32. Rxb5 Bxb5 33. Qc8+ Qf8 34. Bh7+ Kxh7 35. Qxf8 Bxe2 36. Qc5 Rd7 37. Qc2+ 1-0

[Event "Niedersachsen-ch B 2024"]
[Site "Verden Aller"]
[Date "2024.01.04"]
[Round "1.16"]
[White "Goes, Carsten"]
[Black "Kesselhut, Pascal"]
[Result "1/2-1/2"]
[ECO "B13"]
[WhiteElo "1676"]
[BlackElo "1425"]
[Annotator "NA RC"]
[PlyCount "66"]
[EventDate "2024.01.01"]
[EventType "swiss"]
[EventCountry "GER"]
[SourceTitle "playchess.com"]
[Source "ChessBase"]
[SourceQuality "1"]
[TimeControl "40/5400+30:1800+30"]

1. e4 c6 2. d4 d5 3. exd5 cxd5 4. Bd3 Nc6 5. c3 Qc7 6. h3 e6 7. Nf3 g6 8. O-O Bg7 9. Re1 Nf6 10. Bg5 O-O 11. Nbd2 Bd7 12. Nf1 Rab8 13. Qd2 Qa5 14. N1h2 b5 15. Ne5 Be8 16. a3 Qb6 17. Nxc6 Bxc6 18. Nf3 Rfe8 19. Ne5 Nd7 20. Ng4 e5 21. dxe5 Nxe5 22. Nxe5 Bxe5 23. Rxe5 Rxe5 24. Bf4 Rbe8 25. Bxe5 Rxe5 26. Re1 Rxe1+ 27. Qxe1 d4 28. Qe5 dxc3 29. Qxc3 a6 30. Qf6 Qb7 31. Qd8+ Kg7 32. Qd4+ Kg8 33. Qd8+ Kg7 1/2-1/2

[Event "Niedersachsen-ch B 2024"]
[Site "Verden Aller"]
[Date "2024.01.04"]
[Round "1.17"]
[White "Pac, Maksym"]
[Black "Juergenpott, Maximilian"]
[Result "1-0"]
[ECO "C11"]
[WhiteElo "1416"]
[BlackElo "1660"]
[Annotator "NA RC"]
[PlyCount "51"]
[EventDate "2024.01.01"]
[EventType "swiss"]
[EventCountry "GER"]
[SourceTitle "playchess.com"]
[Source "ChessBase"]
[SourceQuality "1"]
[TimeControl "40/5400+30:1800+30"]

1. d4 Nf6 2. Nc3 e6 3. e4 d5 4. e5 Nfd7 5. f4 c5 6. Nf3 Nc6 7. Be3 Be7 8. Be2 O-O 9. O-O cxd4 10. Nxd4 Nxd4 11. Bxd4 f6 12. Bg4 Nc5 13. exf6 Rxf6 14. Bxf6 Bxf6 15. Qd2 Qb6 16. Kh1 d4 17. Ne2 Ne4 18. Qd3 Nc5 19. Qc4 Bd7 20. Nxd4 Rc8 21. Rae1 Kh8 22. c3 Qxb2 23. Qe2 Qxc3 24. Nxe6 Re8 25. Rc1 Qb4 26. Rxc5 1-0

[Event "Niedersachsen-ch B 2024"]
[Site "Verden Aller"]
[Date "2024.01.04"]
[Round "1.18"]
[White "Direk, Oguzhan"]
[Black "Zweck, Gerhard"]
[Result "0-1"]
[ECO "B07"]
[WhiteElo "1657"]
[BlackElo "1414"]
[Annotator "NA RC"]
[PlyCount "71"]
[EventDate "2024.01.01"]
[EventType "swiss"]
[EventCountry "GER"]
[SourceTitle "playchess.com"]
[Source "ChessBase"]
[SourceQuality "1"]
[TimeControl "40/5400+30:1800+30"]

1. d4 Nf6 2. Nc3 g6 3. Bf4 Bg7 4. e4 d6 5. Qd2 c6 6. O-O-O Qa5 7. Kb1 Be6 8. Nf3 Nxe4 9. Qe3 Nxc3+ 10. Qxc3 Bxa2+ 11. Ka1 Qxc3 12. bxc3 Bd5 13. Be2 b5 14. Rhe1 O-O 15. Bd3 b4 16. Rxe7 bxc3 17. Bxd6 Bf6 18. Re3 Nd7 19. Bxf8 Rxf8 20. Be4 Nb6 21. Rdd3 Nc4 22. Re1 Rb8 23. Bxd5 cxd5 24. Rxc3 Rb4 25. Ne5 Ra4+ 26. Kb1 Rb4+ 27. Ka2 Ra4+ 28. Kb3 Ra3+ 29. Kb4 Be7+ 30. Kb5 a6+ 31. Kc6 Nxe5+ 32. Rxe5 Rxc3+ 33. Kxd5 Bf6 34. Re2 a5 35. Rd2 a4 36. Ke4 0-1

[Event "Niedersachsen-ch B 2024"]
[Site "Verden Aller"]
[Date "2024.01.04"]
[Round "1.19"]
[White "Knorr, Frank"]
[Black "Frese, Immo"]
[Result "0-1"]
[ECO "A17"]
[WhiteElo "1411"]
[BlackElo "1642"]
[Annotator "NA RC"]
[PlyCount "106"]
[EventDate "2024.01.01"]
[EventType "swiss"]
[EventCountry "GER"]
[SourceTitle "playchess.com"]
[Source "ChessBase"]
[SourceQuality "1"]
[TimeControl "40/5400+30:1800+30"]

1. c4 Nf6 2. Nc3 e6 3. g3 d5 4. cxd5 exd5 5. e3 g6 6. Bg2 Bg7 7. Nge2 O-O 8. O-O b6 9. a4 Bb7 10. a5 c5 11. axb6 axb6 12. Rxa8 Bxa8 13. Nf4 Na6 14. Nd3 Re8 15. Qa4 Nc7 16. Nf4 Qd6 17. Qc2 d4 18. Bxa8 Rxa8 19. Ne4 Nxe4 20. Qxe4 Ra2 21. Qb1 Ra5 22. Nd3 c4 23. b4 Rb5 24. Nf4 Qxb4 25. Qxb4 Rxb4 26. Ba3 Ra4 27. Be7 dxe3 28. fxe3 Ra1 29. Bd8 Rxf1+ 30. Kxf1 Be5 31. Bxc7 Bxc7 32. Nd5 Bd8 33. Ke1 f5 34. Kd1 Kf7 35. Kc2 Ke6 36. Nf4+ Kd6 37. Kc3 b5 38. Kb4 Kc6 39. Ne2 Be7+ 40. Kc3 Kc5 41. Kc2 Bf6 42. Nc1 b4 43. d3 b3+ 44. Kb1 Kb4 45. dxc4 Kxc4 46. Ne2 Bg5 47. Nf4 Bxf4 48. exf4 Kd3 49. Kb2 Ke3 50. Kxb3 Kf3 51. Kc3 Kg2 52. Kd3 Kxh2 53. Ke2 Kxg3 0-1

[Event "Niedersachsen-ch B 2024"]
[Site "Verden Aller"]
[Date "2024.01.04"]
[Round "1.20"]
[White "Wildner, Jens Martin"]
[Black "Junge, Julia Marie"]
[Result "0-1"]
[ECO "D41"]
[WhiteElo "1634"]
[BlackElo "1401"]
[Annotator "NA RC"]
[PlyCount "37"]
[EventDate "2024.01.01"]
[EventType "swiss"]
[EventCountry "GER"]
[SourceTitle "playchess.com"]
[Source "ChessBase"]
[SourceQuality "1"]
[TimeControl "40/5400+30:1800+30"]

1. d4 e6 2. c4 d5 3. Nc3 Nf6 4. cxd5 Nxd5 5. e4 Nxc3 6. bxc3 c5 7. Nf3 Nc6 8. Be2 cxd4 9. cxd4 Bb4+ 10. Bd2 Qa5 11. Bxb4 Qxb4+ 12. Qd2 Qxd2+ 13. Kxd2 O-O 14. Rac1 Rd8 15. Ke3 Bd7 16. Rc5 b6 17. Rc3 f5 18. e5 Nb4 19. Ra3 0-1

[Event "Niedersachsen-ch B 2024"]
[Site "Verden Aller"]
[Date "2024.01.04"]
[Round "1.22"]
[White "Richter, Silas"]
[Black "Schoenfelder, Dennis Yoel"]
[Result "1-0"]
[ECO "B11"]
[WhiteElo "1614"]
[BlackElo "1370"]
[Annotator "NA RC"]
[PlyCount "69"]
[EventDate "2024.01.01"]
[EventType "swiss"]
[EventCountry "GER"]
[SourceTitle "playchess.com"]
[Source "ChessBase"]
[SourceQuality "1"]
[TimeControl "40/5400+30:1800+30"]

1. e4 c6 2. Nf3 d5 3. Nc3 dxe4 4. Nxe4 Nf6 5. Qe2 Nxe4 6. Qxe4 Nd7 7. Bc4 Nf6 8. Ne5 e6 9. Qe2 b5 10. Bb3 Qc7 11. d4 Bd6 12. Bf4 O-O 13. O-O-O a5 14. a4 bxa4 15. Bxa4 Bb7 16. h4 Nd5 17. Bg3 Nb6 18. b3 Nxa4 19. bxa4 Rfd8 20. Qe3 Qe7 21. h5 c5 22. Nc4 Bxg3 23. Qxg3 cxd4 24. h6 Qf6 25. Rh4 g6 26. Rf4 Qe7 27. Rfxd4 Rxd4 28. Rxd4 Qc5 29. Qe3 Bd5 30. Ne5 Qc7 31. Ng4 Rc8 32. Nf6+ Kh8 33. Rd2 Qh2 34. Nxd5 exd5 35. Qd4+ 1-0

[Event "Niedersachsen-ch B 2024"]
[Site "Verden Aller"]
[Date "2024.01.04"]
[Round "1.24"]
[White "Ristedt, Mathis"]
[Black "Lieb, Max"]
[Result "0-1"]
[ECO "D47"]
[WhiteElo "1601"]
[BlackElo "1365"]
[Annotator "NA RC"]
[PlyCount "64"]
[EventDate "2024.01.01"]
[EventType "swiss"]
[EventCountry "GER"]
[SourceTitle "playchess.com"]
[Source "ChessBase"]
[SourceQuality "1"]
[TimeControl "40/5400+30:1800+30"]

1. d4 d5 2. c4 c6 3. Nf3 Nf6 4. e3 e6 5. Nc3 Nbd7 6. Bd3 dxc4 7. Bxc4 b5 8. Be2 Bb7 9. O-O a6 10. Re1 c5 11. dxc5 Bxc5 12. Nd4 O-O 13. Bf3 Bxd4 14. Bxb7 Bxc3 15. bxc3 Ra7 16. Bf3 Ne5 17. Be2 Rc7 18. Qd4 Nc4 19. Rd1 Rd7 20. Bxc4 bxc4 21. Ba3 Rxd4 22. Rxd4 Qa5 23. Bb4 Qc7 24. Bd6 Qc8 25. Bxf8 Kxf8 26. Rad1 Ke7 27. f3 Nd5 28. Kf2 Qc7 29. Rh4 h6 30. Rg4 Qb6 31. Rgd4 Qb2+ 32. R1d2 Qxc3 0-1

[Event "Niedersachsen-ch B 2024"]
[Site "Verden Aller"]
[Date "2024.01.04"]
[Round "1.25"]
[White "Fize, Aleksandrs"]
[Black "Grabowski, Petra"]
[Result "0-1"]
[ECO "D00"]
[WhiteElo "1307"]
[BlackElo "1600"]
[Annotator "NA RC"]
[PlyCount "98"]
[EventDate "2024.01.01"]
[EventType "swiss"]
[EventCountry "GER"]
[SourceTitle "playchess.com"]
[Source "ChessBase"]
[SourceQuality "1"]
[TimeControl "40/5400+30:1800+30"]

1. d4 Nf6 2. Nc3 d5 3. Bf4 a6 4. e3 e6 5. Nf3 c5 6. dxc5 Bxc5 7. Bd3 Bb4 8. Qd2 O-O 9. a3 Ne4 10. Bxe4 dxe4 11. Nd4 Qa5 12. Nb3 Bxc3 13. Nxa5 Bxd2+ 14. Kxd2 Nd7 15. Nc4 b5 16. Nd6 Rd8 17. Ke2 Nf6 18. Rhd1 Nd5 19. Bg3 f5 20. f3 exf3+ 21. gxf3 g5 22. Nxc8 Raxc8 23. Rac1 Rd7 24. h4 f4 25. exf4 gxh4 26. Bh2 Rf7 27. Rg1+ Kh8 28. Rg4 h3 29. c3 Rg8 30. Rcg1 Rxg4 31. Rxg4 Rg7 32. Kd3 Rd7 33. Ke2 Rg7 34. Rxg7 Kxg7 35. Kd3 Kf6 36. Ke4 Nb6 37. b3 Nd5 38. c4 bxc4 39. bxc4 Nc3+ 40. Kd3 Nd1 41. c5 Ke7 42. Kd4 Kd7 43. Ke5 Ne3 44. c6+ Kxc6 45. Kxe6 Nf1 46. Bg1 h2 47. Bxh2 Nxh2 48. f5 Nxf3 49. f6 Ng5+ 0-1